[Event "*** Titled Tuesday Blitz"]
[Site "Chess.com"]
[Date "2020.04.07"]
[Round "8"]
[White "XiaoKangZhong"]
[Black "Faqade"]
[Result "0-1"]
[WhiteElo "2426"]
[BlackElo "2603"]
[TimeControl "180+1"]
[EndTime "14:34:07 PDT"]
[Termination "Faqade won by resignation"]

1. e4 c5 2. c3 Nf6 3. e5 Nd5 4.
d4 cxd4 5. cxd4 e6 6. Nf3 d6 7.
Bc4 Be7 8. O-O O-O 9. Qe2 b6 10. Nc3 Nxc3 11. bxc3 Bb7 12. Bb3 Nd7 13. exd6 Bxd6 14.
Ne5 Bxe5 15. dxe5 Nc5 16. Bc2 Ba6 17. c4 Qd4 18. Be3 Qxc4 19. Qxc4 Bxc4 20. Rfc1 Bd5 21. a4 Nb7 22. Rab1 Rac8 23. Bd1 Na5 24. Bd2 Nc4 25. Bb4 Rfe8 26. f4 Ne3 27. g3 Nxd1 28. Rxc8 Rxc8 29. Rxd1 Rc4 30. Bd6 Rxa4 31. Rc1 h5 32.
Rc8+ Kh7 33. Rf8 Kg6 34. Rg8 Ra2 35. Bf8 Kf5 36. Bxg7 Rg2+ 37. Kf1 Rxh2 38. Rc8 Kg4 39. Rc3 b5 40. Bf8 Bf3 41. Bc5 Kxg3 42. Rb3 a6 43.
Ra3 Rc2 44. Bf2+ Rxf2+ 45. Ke1 Re2+ 46. Kf1 Rd2 47. Re3 Rd1+ 48. Re1 Rxe1+ 49. Kxe1 h4 50. Kd2 Kxf4 51. Ke1 Ke3 52. Kf1 b4 53. Kg1 b3 54. Kh2 b2 55. Kh3 b1=Q 56. Kxh4 Kf4 0-1

[Event "*** Titled Tuesday Blitz"]
[Site "Chess.com"]
[Date "2020.04.07"]
[Round "8"]
[White "Eltarolo"]
[Black "King_of_the_wing"]
[Result "0-1"]
[WhiteElo "2307"]
[BlackElo "2071"]
[TimeControl "180+1"]
[EndTime "14:34:07 PDT"]
[Termination "King_of_the_wing won on time"]

1. e4 e6 2. d4 d5 3. Nd2 Nf6 4. e5 Nfd7 5. c3 c5 6. Bd3 Nc6 7. Ne2 cxd4 8. cxd4 f6 9. exf6 Nxf6 10. O-O Bd6 11. Nf3 Qc7 12. Bg5 O-O 13. Bh4 Nh5 14.
Bg3 Nxg3 15. hxg3 Bd7 16. Rc1 Rae8 17. Ng5 g6 18. Nc3 a6 19. Nxh7 Bc8 20. Nxf8 Rxf8 21. Bxg6 Qg7 22. Qh5 Nxd4 23. Rcd1 Bc5 24. Bb1 Bd7 25.
Nxd5 exd5 26. Qxd5+ Be6 27. Qe4 Bf5 28. Qd5+ Be6 29.
Qe4 Bf5 30. Qe3 Bg4 0-1

[Event "*** Titled Tuesday Blitz"]
[Site "Chess.com"]
[Date "2020.04.07"]
[Round "8"]
[White "Qingdom"]
[Black "Alvarov79"]
[Result "0-1"]
[WhiteElo "2124"]
[BlackElo "2286"]
[TimeControl "180+1"]
[EndTime "14:34:07 PDT"]
[Termination "Alvarov79 won by resignation"]

1. d4 Nf6 2. Bg5 Ne4 3. Bf4 d5 4. e3 c5 5. Bd3 Nf6 6. c3 Nc6 7. Nd2 Qb6 8. Qb3 c4 9. Qxb6 axb6 10. Bc2 b5 11. e4 e6 12. e5 Nd7 13. Ngf3 b4 14. Ke2 bxc3 15. bxc3 Ba3 16. Rab1 O-O 17. g4 f6 18. exf6 gxf6 19. g5 e5 20. Bg3 exd4 21. Nxd4 Nxd4+ 22. cxd4 fxg5 23. Nf3 h6 24. h4 g4 25. Ne5 Nxe5 26. Bxe5 Be7 27. a4 Ra7 28. Bb8 Ra6 29. h5 Raf6 30. Bg3 Bd6 31. Rb6 Bxg3 32.
Rxf6 Rxf6 33. fxg3 Rf3 34. Rg1 Kf7 35. Kd2 Kf6 36.
Bd1 Rd3+ 37. Ke2 Rxd4 38. Rf1+ Ke7 39. Bc2 c3 40. Ke3 Rd2 41. Bd3 Rg2 42. Kf4 Kd6 43. Re1 d4 44. Re4 Kc5 45. Re5+ Kb4 46. Rd5 c2 47. Bxc2 Rxc2 48. Rxd4+ Rc4 49. Ke5 Rxd4 50.
Kxd4 Kxa4 51. Kc4 b5+ 52. Kc5 b4 0-1

[Event "*** Titled Tuesday Blitz"]
[Site "Chess.com"]
[Date "2020.04.07"]
[Round "8"]
[White "Galileo22"]
[Black "HElissalt"]
[Result "1-0"]
[WhiteElo "2338"]
[BlackElo "2110"]
[TimeControl "180+1"]
[EndTime "14:34:08 PDT"]
[Termination "Galileo22 won by resignation"]

1. d4 d5 2. Nf3 e6 3. c4 Nf6 4. g3 dxc4 5. Bg2 Bb4+ 6. Bd2 Be7 7. O-O Bd7 8. Qc2 Bc6 9. Qxc4 Nbd7 10. Nc3 O-O 11.
Qd3 Bb4 12. a3 Bxc3 13. Bxc3 Be4 14. Qd1 Nd5 15. Qd2 Qe7 16. Rfd1 Rfd8 17. Rac1 Rac8 18. b4 a6 19. Qb2 f5 20. Bd2 h6 21. Qb3 Kh7 22. h3 Rf8 23. Ne1 Bxg2 24. Nxg2 c6 25. Qd3 e5 26. dxe5 Nxe5 27. Qb1 Kg8 28. Bf4 Ng6 29. e3 Qe6 30. h4 Rce8 31. Qc2 Ne5 32. Bxe5 Qxe5 33. Qb3 Kh7 34. Rd4 Nf6 35. Rc5 Qe7 36.
Rxf5 Ne4 37. Rxf8 Qxf8 38. Qc2 Qf5 39. Qe2 Nf6 40. Rf4 Qd5 41. Ne1 Rd8 42. Rd4 Qg8 43.
Qd3+ 1-0

[Event "*** Titled Tuesday Blitz"]
[Site "Chess.com"]
[Date "2020.04.07"]
[Round "8"]
[White "FLamps8"]
[Black "pedroholly22"]
[Result "1-0"]
[WhiteElo "2534"]
[BlackElo "2341"]
[TimeControl "180+1"]
[EndTime "14:34:09 PDT"]
[Termination "FLamps8 won by checkmate"]

1. d4 Nf6 2. Nc3 e6 3. Bf4 c5 4. d5 d6 5. e4 e5 6. Be3 Be7 7. Be2 h5 8. h3 a6 9. a4 Nbd7 10.
Nf3 Nf8 11. Qd2 Ng6 12. O-O h4 13. a5 Nh5 14. Rfb1 Ngf4 15. Bf1 g5 16. Nh2 f5 17. exf5 Bxf5 18. b4 cxb4 19. Rxb4 O-O 20. Rxb7 Rc8 21. Bxa6 Bf6 22. Bb6 Qe8 23. Nb5 Rxc2 24. Qd1 e4 25.
Nxd6 Qe5 26. Nxf5 Qxf5 27. Ng4 Nxg2 28. Nh6+ Kh8 29. Nxf5 Ngf4 30. Qxc2 Nxh3+ 31. Kf1 Bxa1 32. Qc7 Ng3+ 33. fxg3 Rxf5+ 34. Kg2 Rf2+ 35. Kxh3 g4+ 36. Kxg4 Rf4+ 37. gxf4 Kg8 38. Qh7+ Kf8 39. Qf7# 1-0

[Event "*** Titled Tuesday Blitz"]
[Site "Chess.com"]
[Date "2020.04.07"]
[Round "8"]
[White "DinaBelenkaya"]
[Black "Usurpov"]
[Result "0-1"]
[WhiteElo "2237"]
[BlackElo "2443"]
[TimeControl "180+1"]
[EndTime "14:34:09 PDT"]
[Termination "Usurpov won on time"]

1. e4 c5 2. Nf3 e6 3. g3 d5 4. exd5 exd5 5. d4 Nf6 6. Bg2 cxd4 7. O-O Be7 8. Re1 O-O 9. Nxd4 Nc6 10. Nc3 Re8 11. Bg5 h6 12. Bf4 Bg4 13. Qd2 Qb6 14.
Nb3 Rad8 15. h3 Be6 16. Rad1 Bf8 17. Ne2 Ne4 18. Qe3 Nc5 19. Ned4 Bxh3 20. Qf3 Be6 21. Nxe6 Nxe6 22. Rxd5 Rxd5 23. Qxd5 Nxf4 24. Rxe8 Nxd5 25. Bxd5 Qb4 26. c4 Qd6 27. Kg2 Ne7 28. Ra8 Nxd5 29.
cxd5 Qxd5+ 30. Kg1 a6 31. Rb8 Qc6 32. a3 g6 33. Kh2 Kg7 34. Kg1 Qc7 35. Re8 Qd7 36.
Re3 Qd5 37. Kf1 Bc5 0-1

[Event "*** Titled Tuesday Blitz"]
[Site "Chess.com"]
[Date "2020.04.07"]
[Round "8"]
[White "Shield12"]
[Black "vizumatv4hoda"]
[Result "0-1"]
[WhiteElo "2920"]
[BlackElo "2754"]
[TimeControl "180+1"]
[EndTime "14:34:10 PDT"]
[Termination "vizumatv4hoda won by checkmate"]

1. e4 c5 2. Nf3 d6 3. d4 cxd4 4. Nxd4 Nf6 5. Nc3 g6 6. Be3 Bg7 7. f3 O-O 8. Qd2 Nc6 9. O-O-O d5 10. exd5 Nxd5 11. Nxc6 bxc6 12. Bd4 Nxc3 13. Qxc3 Bh6+ 14. Be3 Bxe3+ 15. Qxe3 Qb6 16. Qxe7 Be6 17. Qa3 Rad8 18. Bd3 c5 19. Rhe1 Rd4 20. Qa6 Qc7 21. Bf1 Qf4+ 22.
Kb1 Ra4 23. Rxe6 Rxa6 24. Rxa6 Qxh2 25. Rxa7 Qf4 26. a4 Qb4 27. b3 Rb8 28. Bb5 h5 29.
Rdd7 Qe1+ 30. Kb2 Qe5+ 31. Ka2 Rf8 32. Bc4 Kg7 33. a5 Kh6 34. a6 Qc3 35. Kb1 Qe1+ 36.
Kb2 Qe5+ 37. c3 Qg5 38. Rxf7 Qd2+ 39. Ka3 Qxc3 40. Ka2 Qd2+ 41. Ka3 Rd8 42. Rab7 Qa5+ 43. Kb2 Rd2+ 44. Kc1 Qc3+ 45. Kb1 Qb2# 0-1

[Event "*** Titled Tuesday Blitz"]
[Site "Chess.com"]
[Date "2020.04.07"]
[Round "8"]
[White "EugeneRougon"]
[Black "AttilaTurzo"]
[Result "1-0"]
[WhiteElo "2706"]
[BlackElo "2507"]
[TimeControl "180+1"]
[EndTime "14:34:10 PDT"]
[Termination "EugeneRougon won by resignation"]

1. e4 c5 2. Nf3 g6 3. c3 Bg7 4. d4 cxd4 5. cxd4 d5 6. e5 a6 7. h3 Nc6 8. Nc3 f6 9. Bf4 fxe5 10. dxe5 e6 11. Qd2 Nge7 12. Bd3 O-O 13. O-O b5 14. Rac1 Bd7 15. Rfe1 Nf5 16. Ne2 Kh8 17.
Bg5 Qb6 18. Nf4 Rac8 19. h4 Nfd4 20. Nh2 Nxe5 21. Rxc8 Bxc8 22. h5 Nxd3 23. Qxd3 e5 24. h6 Bf6 25. Nxd5 Bf5 26. Qd1 Qc6 27. Nxf6 Rxf6 28.
Bxf6+ Qxf6 29. Qd2 Kg8 30. Rc1 Qd6 31. Qe3 b4 32. Nf3 Nxf3+ 33. Qxf3 e4 34. Qe3 Qd3 35.
Qa7 Qd2 1-0

[Event "*** Titled Tuesday Blitz"]
[Site "Chess.com"]
[Date "2020.04.07"]
[Round "8"]
[White "guillembaches"]
[Black "JiangoFett"]
[Result "1/2-1/2"]
[WhiteElo "2438"]
[BlackElo "2310"]
[TimeControl "180+1"]
[EndTime "14:34:10 PDT"]
[Termination "Game drawn by agreement"]

1. e4 c5 2. Nf3 Nc6 3. Nc3 e5 4. Bc4 d6 5. d3 Be7 6. Nd2 Nf6 7. Nf1 O-O 8. Ne3 Be6 9. Ned5 Na5 10. O-O a6 11. a4 Nxc4 12. dxc4 Ne8 13. Qd3 f5 14. exf5 Bxf5 15. Ne4 Kh8 16. Be3 Nf6 17.
Ndxf6 Bxf6 18. f3 Be7 19. Rad1 Qe8 20. Qd5 Bxe4 21. Qxe4 Rb8 22. b3 b5 23. cxb5 axb5 24.
a5 b4 25. a6 Ra8 26. Ra1 Ra7 27. Ra4 Qa8 28. Qc4 Qc6 29. Rd1 Rfa8 30. h3 Rxa6 31. Rxa6 Qxa6 32. Qe6 Bf8 33. Qd5 Qc8 34. Qf7 Qe8 35.
Qb7 Rb8 36. Qe4 Rd8 37. Rd5 Qg6 38. Qxg6 hxg6 39. Bxc5 Rc8 40. Bxb4 Rxc2 41. Bxd6 Bxd6 42. Rxd6 Rb2 43. Rxg6 Rxb3 44. Re6 Rb5 45. Kh2 Kg8 46. Kg3 Kf7 47. Rc6 Ke7 48. Rc4 Kf6 49. Rg4 g6 50. h4 Rb2 51. Re4 Ra2 52. Kg4 Rxg2+ 53. Kh3 Ra2 1/2-1/2

[Event "*** Titled Tuesday Blitz"]
[Site "Chess.com"]
[Date "2020.04.07"]
[Round "8"]
[White "Blitzking642"]
[Black "garfield_pg"]
[Result "1/2-1/2"]
[WhiteElo "2397"]
[BlackElo "2238"]
[TimeControl "180+1"]
[EndTime "14:34:10 PDT"]
[Termination "Game drawn by agreement"]

1. d4 Nf6 2. c4 g6 3. Nc3 Bg7 4. e4 d6 5. Be2 O-O 6. Nf3 c5 7. O-O cxd4 8. Nxd4 Nc6 9. Be3 Nxd4 10. Bxd4 Qa5 11. f3 Be6 12. Qd2 Rfc8 13. b3 a6 14. Rfd1 b5 15. cxb5 axb5 16. Nd5 Qxd2 17. Rxd2 Nxd5 18.
exd5 Bh6 19. Rdd1 Bxd5 20. Bxb5 Rc2 21. Bf2 Be6 22. Ba4 Bg7 23. Rac1 Rxa2 24. Rc7 Rb2 25. Rxe7 Bxb3 26. Bxb3 Rxb3 27. h4 Be5 28. Rc1 Ra1 29. Rxa1 Bxa1 30. Bg3 Rd3 31. Rd7 Bd4+ 32. Kf1 Bc5 33.
Ke2 Rd4 34. Bf2 Rd5 35. Bxc5 Rxc5 36. Rxd6 Rc2+ 37. Kf1 h5 38. Rd4 Kg7 39. Kg1 Kf6 40. Kh2 1/2-1/2

[Event "*** Titled Tuesday Blitz"]
[Site "Chess.com"]
[Date "2020.04.07"]
[Round "8"]
[White "ChristianAlm"]
[Black "Teidi96"]
[Result "0-1"]
[WhiteElo "2360"]
[BlackElo "2230"]
[TimeControl "180+1"]
[EndTime "14:34:10 PDT"]
[Termination "Teidi96 won by checkmate"]

1. e4 c5 2. Nf3 e6 3. d4 cxd4 4. Nxd4 Nc6 5. Nc3 Qc7 6. Be3 a6 7. Be2 Nf6 8. O-O Bb4 9. Qd3 Ne5 10. Qd1 Bxc3 11. bxc3 Nxe4 12. Bf4 Nxc3 13. Qd2 Nxe2+ 14. Qxe2 d6 15. Rfe1 O-O 16. Rad1 Ng6 17. Bg3 e5 18.
Nb3 Be6 19. h4 h6 20. h5 Ne7 21. f4 Nf5 22. Bh2 Rac8 23. fxe5 dxe5 24. Rd2 Bxb3 25. Bxe5 Qc5+ 26. Qf2 Be6 27. Qxc5 Rxc5 28. g4 Nh4 29.
Kf2 Rfc8 30. Kg3 g5 31. hxg6 Nxg6 32. Bf6 Rxc2 33. Rd3 R2c4 34. Rh1 Rxg4+ 35. Kf3 Rf4+ 36. Ke3 Rxf6 37. Rxh6 Kg7 38. Rh2 Bf5 39. Rb3 Re6+ 40. Kf3 Rec6 41. Rhb2 Rc3+ 42. Kf2 Rxb3 43. axb3 Rc2+ 44.
Rxc2 Bxc2 45. b4 Bd3 46. Ke3 Bb5 47. Kd4 Kf6 48. Kc5 Ke5 49. Kb6 f5 50. Ka5 f4 51.
Kb6 f3 52. Ka5 Kd4 53. Kb6 Ne5 54. Ka5 Nc4# 0-1

[Event "*** Titled Tuesday Blitz"]
[Site "Chess.com"]
[Date "2020.04.07"]
[Round "8"]
[White "SimonKnightRivendell"]
[Black "SergioGarciaFuentes"]
[Result "0-1"]
[WhiteElo "1905"]
[BlackElo "2191"]
[TimeControl "180+1"]
[EndTime "14:34:10 PDT"]
[Termination "SergioGarciaFuentes won by resignation"]

1. d4 d5 2. Nf3 Nc6 3. e3 Bg4 4. c3 e5 5. dxe5 Nxe5 6. Qa4+ Bd7 7. Qd1 Nxf3+ 8. Qxf3 Nf6 9. h3 Bd6 10. Nd2 Qe7 11. Be2 O-O-O 12. c4 Bc6 13. O-O Kb8 14.
Qf5 d4 15. Nf3 Be4 16. Qa5 d3 17. Bd1 b6 18. Qa4 h6 19. Bd2 g5 20. Bc3 Rhg8 21.
Nd2 Bb7 22. b4 c5 23. bxc5 Bxc5 24. Bf3 g4 25. hxg4 Nxg4 26. Bxb7 Qxb7 27. e4 Qc7 28. Nf3 f6 29. Rad1 Nxf2 30. Rxf2 Qg3 31. Bd4 Bxd4 32. Nxd4 Rxd4 33. Qc6 Rgd8 34. Qxf6 Qg4 35. Qf4+ Qxf4 36. Rxf4 d2 37. Rf6 Kc7 38. Rxh6 Rxe4 39. Rh7+ Kc6 40. Rxa7 Re1+ 41. Kf2 Rxd1 0-1

[Event "*** Titled Tuesday Blitz"]
[Site "Chess.com"]
[Date "2020.04.07"]
[Round "8"]
[White "SahaNeelash"]
[Black "Alonmindlin"]
[Result "1/2-1/2"]
[WhiteElo "2520"]
[BlackElo "2662"]
[TimeControl "180+1"]
[EndTime "14:34:12 PDT"]
[Termination "Game drawn by agreement"]

1. d4 Nf6 2. Bg5 Ne4 3. Bf4 d5 4. e3 Bf5 5. Bd3 e6 6. Nd2 Nxd2 7. Qxd2 Bxd3 8. Qxd3 Nd7 9. Nf3 Bd6 10. Bxd6 cxd6 11.
O-O O-O 12. c4 dxc4 13. Qxc4 Rc8 14. Qb3 Qc7 15. Ne1 Nb6 16. Nd3 Qc2 17. Rfc1 Qxb3 18.
axb3 a6 19. Kf1 f5 20. Ke2 Kf7 21. Kd2 Ke7 22. h3 g5 23. g4 Kf6 24. Rh1 h5 25. gxf5 Kxf5 26. Rhg1 Nd5 27. f3 Kg6 28. Raf1 Kh6 29. f4 gxf4 30. e4 Nf6 31. Rxf4 d5 32. e5 Ne4+ 33. Ke3 Rg8 34. Rgf1 Rg3+ 35. R1f3 Rcg8 36.
Nf2 Rxf3+ 37. Rxf3 Nxf2 38. Kxf2 Rg6 39. Ke3 h4 40. Rf4 Rg3+ 41. Rf3 Kg5 42. Kf2 Rxf3+ 43. Kxf3 Kf5 44. b4 b6 45. Ke3 Kg5 46. Kf3 Kf5 47.
Ke3 1/2-1/2

[Event "*** Titled Tuesday Blitz"]
[Site "Chess.com"]
[Date "2020.04.07"]
[Round "8"]
[White "hedgehog280"]
[Black "Bajecny"]
[Result "1-0"]
[WhiteElo "2650"]
[BlackElo "2297"]
[TimeControl "180+1"]
[EndTime "14:34:12 PDT"]
[Termination "hedgehog280 won by resignation"]

1. c4 c6 2. Nc3 d5 3. d4 Nf6 4. Nf3 e6 5. e3 Nbd7 6. Bd3 Bd6 7. e4 dxe4 8. Nxe4 Nxe4 9. Bxe4 O-O 10. O-O h6 11.
Bc2 e5 12. Qd3 f5 13. c5 Bc7 14. dxe5 Nxe5 15. Qb3+ Kh8 16. Bf4 Nxf3+ 17. Qxf3 Bxf4 18. Qxf4 Qf6 19. b4 Be6 20. Rfe1 Bd5 21. Re5 Rae8 22.
Rae1 Rxe5 23. Rxe5 Bxa2 24. h4 Be6 25. Qe3 Bg8 26.
Bxf5 Qxh4 27. Be4 Qf6 28. Bf3 Bh7 29. Re7 Rf7 30. Re8+ Rf8 31. Re7 Rf7 32. Re6 Qa1+ 33. Kh2 Qb2 34. Re8+ Bg8 35. Qe6 Qf6 36. Qc8 Qf4+ 37.
Kh3 Qf5+ 38. Qxf5 Rxf5 39. Rb8 Rf7 40. Bg4 Re7 41. Bd1 Kh7 42. Bc2+ g6 43. Bxg6+ Kxg6 44. Rxg8+ Rg7 45. Rd8 Kf6 46. Rd6+ Kg5 47. g4 h5 48. Rd4 Rf7 49. f4+ Rxf4 50. Rxf4 Kxf4 51. gxh5 Kg5 52. Kg3 b6 53. b5 1-0

[Event "*** Titled Tuesday Blitz"]
[Site "Chess.com"]
[Date "2020.04.07"]
[Round "8"]
[White "vova-79"]
[Black "saraswathii"]
[Result "0-1"]
[WhiteElo "2404"]
[BlackElo "2261"]
[TimeControl "180+1"]
[EndTime "14:34:13 PDT"]
[Termination "saraswathii won by resignation"]

1. d4 Nf6 2. c4 d6 3. Nf3 g6 4.
Nc3 Bg7 5. g3 O-O 6. Bg2 Bf5 7. O-O c6 8. Nh4 Bg4 9. h3 Be6 10. d5 cxd5 11. cxd5 Bd7 12. e4 Na6 13. Be3 b6 14. f4 Rc8 15. Rc1 Nh5 16. Kh2 e6 17. dxe6 Bxe6 18. Qa4 Nc5 19. Qa3 Nd3 20. Rcd1 Nxb2 21. Rxd6 Qe7 22. Nb5 Nc4 23. Qd3 Nxe3 24.
Qxe3 Bc4 25. Rfd1 Bxb5 26. e5 Ba4 27. R1d4 Bc2 28. Nf3 Rfd8 29. Rxd8+ Rxd8 30. Rxd8+ Qxd8 31. g4 Nxf4 32. Qxf4 Bd1 33. Kh1 Qd5 34. Ng5 Qxa2 35. Qd4 h6 36. Bd5 Bb3 37. Bxb3 Qxb3 38. Qd8+ Bf8 39. e6 Qb1+ 40. Kg2 Qb2+ 41. Kf1 hxg5 42. exf7+ Kxf7 43. Qd5+ 0-1

[Event "*** Titled Tuesday Blitz"]
[Site "Chess.com"]
[Date "2020.04.07"]
[Round "8"]
[White "suyu28"]
[Black "Leonid_Starozhilov"]
[Result "1-0"]
[WhiteElo "2511"]
[BlackElo "2654"]
[TimeControl "180+1"]
[EndTime "14:34:15 PDT"]
[Termination "suyu28 won by resignation"]

1. e4 g6 2. d4 Bg7 3. Nc3 d6 4.
Nf3 Nf6 5. h3 O-O 6. Be3 a6 7.
a4 Nc6 8. a5 e5 9. d5 Ne7 10. g4 c6 11. Bb6 Qe8 12. Be2 cxd5 13. exd5 Bd7 14. g5 Nh5 15. Ne4 Nf5 16. Nfd2 Nf4 17.
Bg4 Nxd5 18. Bxf5 Bxf5 19. Nxd6 Qc6 20. Nxf5 gxf5 21. Rg1 Nxb6 22. axb6 Rad8 23. Qc1 e4 24. c3 f4 25. Qc2 e3 26. Ne4 exf2+ 27. Kxf2 Kh8 28.
Rae1 Qxb6+ 29. Kf3 Qc6 30. Rd1 Rde8 31. Rge1 Re6 32.
Qd3 Rfe8 33. Qd5 Qc8 34. Nd6 Re3+ 35. Kf2 Rxe1 36. Nxf7+ 1-0

[Event "*** Titled Tuesday Blitz"]
[Site "Chess.com"]
[Date "2020.04.07"]
[Round "8"]
[White "SCIM"]
[Black "jamengrand"]
[Result "1-0"]
[WhiteElo "2479"]
[BlackElo "2185"]
[TimeControl "180+1"]
[EndTime "14:34:15 PDT"]
[Termination "SCIM won by resignation"]

1. d4 d5 2. c4 e6 3. Nf3 Nf6 4. g3 dxc4 5. Bg2 Bd7 6. Ne5 Bc6 7. Nxc6 Nxc6 8. O-O Qd7 9. e3 O-O-O 10. Qa4 h5 11. Qxc4 h4 12. Bd2 hxg3 13. hxg3 Nd5 14.
Rc1 f5 15. b4 Bxb4 16. Bxb4 Ndxb4 17. Nc3 Nd5 18. Rab1 Nb6 19. Qe2 f4 20. gxf4 g5 21. fxg5 Rdg8 22. Ne4 Qh7 23. a4 Qh2+ 24. Kf1 Rf8 25. Nf6 Nd5 26. Rxc6 Nxf6 27. gxf6 Rhg8 28. Qf3 bxc6 29. Qxc6 Qxg2+ 30. Qxg2 Rxg2 31. Kxg2 Rxf6 32. f4 Rf5 33. Rb5 Rxb5 34. axb5 c6 35. bxc6 a5 36.
d5 a4 37. dxe6 Kd8 38. f5 a3 39. f6 a2 40. e7+ Ke8 41. c7 a1=Q 42. c8=Q+ Kf7 43.
e8=Q+ 1-0

[Event "*** Titled Tuesday Blitz"]
[Site "Chess.com"]
[Date "2020.04.07"]
[Round "8"]
[White "Superfelix"]
[Black "VincentKeymer"]
[Result "1-0"]
[WhiteElo "2519"]
[BlackElo "2651"]
[TimeControl "180+1"]
[EndTime "14:34:16 PDT"]
[Termination "Superfelix won by resignation"]

1. e4 c5 2. Nc3 d6 3. d4 cxd4 4. Qxd4 Nc6 5. Qd2 g6 6. b3 Bh6 7. f4 Nf6 8. Bb2 O-O 9. O-O-O e5 10. g3 Re8 11. Bg2 Bg4 12. Nf3 exf4 13. h3 Bxf3 14.
Bxf3 Ne5 15. Rhf1 Nxf3 16. Rxf3 Rc8 17. gxf4 Nxe4 18. Nxe4 Rxe4 19. Kb1 Qe7 20. Rc3 Re8 21. Rf3 Re1 22. Rf1 Rxf1 23. Rxf1 Qe2 24. Qc1 Re4 25. a4 d5 26. Bc3 Bg7 27. Bxg7 Kxg7 28. f5 Qe3 29. f6+ Kh6 30. Qa3 Re8 31. Qb4 g5 32. h4 Kg6 33. hxg5 Qe4 34. Qxb7 Qg2 35. Rd1 Re2 36. Qc8 Qe4 37. Qg8+ Kh5 38. Qxf7+ Kxg5 39.
Qg7+ Kf4 40. Rf1+ Ke3 41. Qg3+ Kd2 42. Qg5+ Kc3 43. Qg3+ Kb4 44. Qb8+ Ka3 45. Qd6+ Qb4 46.
Qxb4+ Kxb4 47. f7 1-0

[Event "*** Titled Tuesday Blitz"]
[Site "Chess.com"]
[Date "2020.04.07"]
[Round "8"]
[White "IMRosen"]
[Black "mmaks007"]
[Result "1-0"]
[WhiteElo "2467"]
[BlackElo "2313"]
[TimeControl "180+1"]
[EndTime "14:34:16 PDT"]
[Termination "IMRosen won on time"]

1. d4 g6 2. e4 Bg7 3. Nf3 d6 4. Bc4 Nf6 5. Qe2 Bg4 6. e5 dxe5 7. dxe5 Nd5 8. O-O c6 9. Nc3 Nxc3 10. bxc3 Bxf3 11. Qxf3 O-O 12. e6 f5 13. Bf4 h6 14.
Rfd1 Qc8 15. h4 b5 16. Bxb5 Qxe6 17. Ba4 Kh7 18. Re1 Qf6 19. Be5 Qxh4 20. Bxg7 Kxg7 21.
Bb3 Nd7 22. Qxc6 Nb6 23. Re6 Qg5 24. Rae1 Rae8 25. R1e3 f4 26. R3e5 Qg4 27. Qe4 h5 28. Rxe7+ Rxe7 29. Rxe7+ Kh6 30. f3 Qg3 31. Re6 Rg8 32.
Rxb6 axb6 33. Bxg8 h4 34. Be6 h3 35. Bxh3 b5 36. Be6 b4 37. cxb4 Kg5 38. Bf7 Kh4 39.
Bxg6 Kg5 40. Be8 Kh6 41. Qg6+ 1-0

[Event "*** Titled Tuesday Blitz"]
[Site "Chess.com"]
[Date "2020.04.07"]
[Round "8"]
[White "tomsishere"]
[Black "ama18"]
[Result "0-1"]
[WhiteElo "2288"]
[BlackElo "2450"]
[TimeControl "180+1"]
[EndTime "14:34:16 PDT"]
[Termination "ama18 won by checkmate"]

1. d4 Nf6 2. c4 e6 3. Nc3 Bb4 4. Qc2 d6 5. Nf3 O-O 6. Bd2 b6 7. g3 Bb7 8. Bg2 Nbd7 9. O-O Bxc3 10. Bxc3 Ne4 11. Rad1 Nxc3 12. Qxc3 Qe7 13. d5 e5 14.
b4 a5 15. a3 f5 16. Nd2 Rf6 17. bxa5 Rxa5 18. Nb3 Ra4 19. f4 Ba6 20. Nd2 exf4 21.
Rxf4 Qxe2 22. Bf3 Qe5 23. Qc2 Rxa3 24. Bg2 Qc3 25. Qb1 g6 26. Nf3 Bxc4 27. Rc1 Qe3+ 28. Kh1 Bxd5 29. Qb2 Rb3 30. Qa2 Qxc1+ 31. Ng1 Bxg2+ 32.
Kxg2 Nc5 33. Qa8+ Kg7 34. Qd8 Rb2+ 35. Kh3 Qxg1 36. Qxc7+ Rf7 37. Qxf7+ Kxf7 38. Rxf5+ gxf5 39. Kh4 Qxh2+ 40. Kg5 Ne6+ 41. Kxf5 Qh5+ 42. Ke4 Rb4+ 43. Kd3 Qf3+ 44. Kc2 Nd4+ 45. Kd2 Rb2+ 46. Kc1 Qc3+ 47.
Kd1 Qd2# 0-1

[Event "*** Titled Tuesday Blitz"]
[Site "Chess.com"]
[Date "2020.04.07"]
[Round "8"]
[White "esskeettit"]
[Black "NMZanette"]
[Result "1-0"]
[WhiteElo "2327"]
[BlackElo "2175"]
[TimeControl "180+1"]
[EndTime "14:34:16 PDT"]
[Termination "esskeettit won by resignation"]

1. d4 f5 2. g3 Nf6 3. Bg2 e6 4.
Nf3 Be7 5. O-O O-O 6. c4 d6 7. Nc3 Qe8 8. Qc2 Nc6 9. Re1 e5 10. dxe5 dxe5 11. e4 f4 12. gxf4 Bg4 13. Nxe5 Nd4 14.
Qd3 Rd8 15. Nxg4 Nxg4 16. Nd5 Bc5 17. Be3 Ne6 18. Bxc5 Nxc5 19. Qg3 Nh6 20. Nxc7 Qf7 21. Nd5 Ne6 22. f5 Nd4 23. Rad1 Nc6 24. f6 g6 25. Rd2 Kh8 26. Red1 Qe6 27. Qh4 Ng8 28. Nf4 Qxf6 29. Qxf6+ Nxf6 30. Ne6 Rxd2 31. Rxd2 Re8 32. Ng5 h6 33.
Nf7+ Kg7 34. Nd6 Re6 35. f4 b6 36. Kf2 Nb4 37. a3 Re7 38. axb4 1-0

[Event "*** Titled Tuesday Blitz"]
[Site "Chess.com"]
[Date "2020.04.07"]
[Round "8"]
[White "AyMitecK"]
[Black "Perecke"]
[Result "0-1"]
[WhiteElo "2276"]
[BlackElo "2168"]
[TimeControl "180+1"]
[EndTime "14:34:16 PDT"]
[Termination "Perecke won on time"]

1. e4 c5 2. Nc3 g6 3. d4 cxd4 4. Qxd4 Nf6 5. Bb5 Nc6 6. Bxc6 dxc6 7. Qxd8+ Kxd8 8. Nf3 Bg7 9. Bf4 Bg4 10. Ng5 Ke8 11. h3 h6 12. Nxf7 Kxf7 13. hxg4 Nxg4 14. f3 Nf6 15.
Ke2 g5 16. Be5 Nxe4 17. Bxg7 Ng3+ 18. Ke1 Kxg7 19. Rh3 Nf5 20. Ne4 Rad8 21. c3 Nd6 22.
Nc5 Kf6 23. Rd1 b6 24. Nd3 Nf5 25. Ke2 c5 26. g4 Ng7 27. Rhh1 h5 28. Nf2 Rxd1 29.
Rxd1 hxg4 30. Nxg4+ Ke6 31. Ke3 Nf5+ 32. Kf2 Rh3 33.
Re1+ Kd6 34. Re5 Nh4 35. Re3 Nf5 36. Re5 e6 37. Ne3 Nxe3 38. Kxe3 g4 0-1

[Event "*** Titled Tuesday Blitz"]
[Site "Chess.com"]
[Date "2020.04.07"]
[Round "8"]
[White "Konavets"]
[Black "praveenb2002"]
[Result "1/2-1/2"]
[WhiteElo "2999"]
[BlackElo "2649"]
[TimeControl "180+1"]
[EndTime "14:34:17 PDT"]
[Termination "Game drawn by stalemate"]

1. c4 e5 2. Nc3 Bb4 3. g3 Bxc3 4. bxc3 d6 5. Bg2 Ne7 6. e4 O-O 7. d4 c5 8. Ne2 Nbc6 9. O-O Qc7 10. f4 Na5 11. f5 f6 12. g4 Nxc4 13. Qb3 b5 14. a4 cxd4 15. cxd4 exd4 16. axb5 Kh8 17. Nxd4 Qc5 18. Rd1 Bd7 19. Bf4 Ne5 20. Rac1 Qb6 21.
g5 Rac8 22. gxf6 gxf6 23. Kh1 Rxc1 24. Bxc1 Rg8 25. Be3 Qb7 26. Qc2 Bxb5 27. Nxb5 Qxb5 28. Rxd6 Qb4 29. Rxf6 Qe1+ 30. Bg1 Rc8 31. Qb2 Rc1 32. Rf8+ Kg7 33. f6+ Kxf8 34. fxe7+ Ke8 35. Qb8+ Kxe7 36. Qxe5+ Kf7 37. Qd5+ Ke7 38. Qb7+ Kf6 39. Qxa7 Kg6 40. Qd4 h5 41. e5 Qxg1+ 42. Qxg1 Rxg1+ 43. Kxg1 Kf5 44. Kf2 Kxe5 45. Kg3 Kf6 46. Kh3 Kg7 47. Kh4 Kh8 48. Kg5 Kg8 49. Bh3 Kh8 50. Kh6 Kg8 51.
Be6+ Kh8 52. h4 1/2-1/2

[Event "*** Titled Tuesday Blitz"]
[Site "Chess.com"]
[Date "2020.04.07"]
[Round "8"]
[White "mathapples"]
[Black "josiwales"]
[Result "0-1"]
[WhiteElo "2327"]
[BlackElo "2505"]
[TimeControl "180+1"]
[EndTime "14:34:17 PDT"]
[Termination "josiwales won by resignation"]

1. d4 d5 2. c4 c6 3. Nf3 Nf6 4. Nc3 dxc4 5. a4 Bf5 6. e3 e6 7. Bxc4 Bb4 8. O-O O-O 9. Qe2 Bg6 10. Rd1 Nbd7 11. Bd3 Qa5 12. e4 e5 13. Na2 Bd6 14. b4 Qc7 15. Bg5 exd4 16. Bxf6 gxf6 17. g3 Bh5 18. h3 f5 19. exf5 Rae8 20. Qd2 Bxf3 21. f6 Bf4 22. gxf4 Kh8 23. Kh2 Rg8 24. Rg1 Nxf6 25.
Bf5 d3 26. Bxd3 Nd5 27. Qb2+ f6 28. Rg3 Qxf4 29. Rg1 Rxg3 30. Rxg3 Re1 31. Qb1 Rxb1 32. Bxb1 Be4 33. Bxe4 Qxe4 34. Nc3 Nxc3 35. Rxc3 Qxb4 36. Re3 Qxa4 37. Re8+ Kg7 38. Re7+ Kg6 39. Rxb7 Qf4+ 40. Kg2 c5 41. Rxa7 c4 42. Ra4 Qe4+ 43. Kh2 Qd3 44.
Ra1 c3 45. Rg1+ Kf7 46. Rg3 Qd6 47. Kg2 c2 48. Kh2 Qxg3+ 49. Kxg3 c1=Q 0-1